 Dungeon Crawl Stone Soup version 0.20.1-1-g8b1a95d (webtiles) character file.

1647 dohliylev the Covert (level 8, -1/56 HPs)
             Began as a Vampire Enchanter on July 14, 2017.
             Was an Initiate of Nemelex Xobeh.
             Slain by a killer bee (8 damage)
             ... summoned by the darkness of Dithmenos
             ... on level 6 of the Dungeon.
             The game lasted 00:26:51 (5630 turns).

dohliylev the Covert (Vampire Enchanter)            Turns: 5630, Time: 00:26:51

Health: -1/56      AC:  3    Str:  7    XL:     8   Next: 67%
Magic:  12/12      EV: 16    Int: 20    God:    Nemelex Xobeh [......]
Gold:   53         SH:  0    Dex: 14    Spells: 7/13 levels left

rFire    + . .     SeeInvis +   a - +2 dagger (speed)
rCold    . . .     Gourm    .   (no shield)
rNeg     + . .     Faith    .   b - +0 robe
rPois    .         Spirit   .   (no helmet)
rElec    .         Reflect  .   (no cloak)
rCorr    .         Harm     .   o - +0 pair of gloves
MR       .....                  (no boots)
Stlth    ++++......             (no amulet)
Regen    0.2/turn               l - ring of wizardry
MPRegen  0.2/turn               n - ring of protection from fire

@: no status effects
A: fangs 3, see invisible, unbreathing
a: Bat Form, Renounce Religion


You were on level 6 of the Dungeon.
You worshipped Nemelex Xobeh.
Nemelex Xobeh was noncommittal.
You were not thirsty.

You visited 2 branches of the dungeon, and saw 7 of its levels.

You collected 287 gold pieces.
You spent 234 gold pieces at shops.

Inventory:

Hand Weapons
 a - a +2 dagger of speed (weapon)
Armour
 b - a +0 robe (worn)
 o - a +0 pair of gloves (worn)
 x - a +3 leather armour
Jewellery
 l - a ring of wizardry (left hand)
 n - a ring of protection from fire (right hand)
Scrolls
 f - 7 scrolls of remove curse
 j - 2 scrolls of amnesia
 k - a scroll of teleportation
 m - 3 scrolls of recharging
 s - 2 scrolls of enchant weapon
 u - a scroll of blinking
 v - 2 scrolls of magic mapping
 w - a scroll of fear {unknown}
 y - a scroll of fog
Potions
 d - 15 potions of blood
 e - a potion of brilliance {unknown}
 q - a potion of curing {unknown}
 r - 3 potions of ambrosia
 t - a potion of flight {unknown}
 z - 2 potions of invisibility
Books
 c - a book of Maledictions

   Spells                             Type                      Level
   a - Corona                         Hexes                        1
   b - Ensorcelled Hibernation        Hexes/Ice                    2
   c - Confuse                        Hexes                        3
   d - Tukima's Dance                 Hexes                        3
   e - Dazzling Spray                 Conjuration/Hexes            3
Miscellaneous
 i - an ornate deck of summoning


   Skills:
 - Level 2.1 Fighting
 - Level 7.0 Short Blades
 + Level 7.4 Dodging
 - Level 8.0 Stealth
 - Level 3.0 Spellcasting
 - Level 5.0 Hexes
 - Level 1.4 Ice Magic


You had 7 spell levels left.
You knew the following spells:

 Your Spells              Type           Power        Failure   Level  Hunger
a - Corona                Hex            ###....      1%          1    None
b - Ensorcelled Hibernat  Hex/Ice        ###...       2%          2    ##.....
c - Confuse               Hex            ###.....     2%          3    ###....


Dungeon Overview and Level Annotations

Branches:
Dungeon (6/15)             Temple (1/1) D:4

Altars:
Ashenzari
Cheibriados
Dithmenos
Elyvilon
Fedhas
Gozag
Hepliaklqana
Kikubaaqudgha
Makhleb
Nemelex Xobeh
Okawaru
Qazlal
Ru
Sif Muna
Trog
Uskayaw
Zin

Shops:
D:5 ?

Annotations:
D:4 Menkaure


Innate Abilities, Weirdness & Mutations

You have razor-sharp teeth.
You have supernaturally acute eyesight. (SInv)
You can survive without breathing.


Message History

The shadow appears confused.
Your surroundings suddenly seem different.
You start resting.
Magic restored.
Okay, then.
Okay, then.
Adjust to which letter? (? for menu, Esc to quit)
d - 17 potions of blood;
i - an ornate deck of summoning Yummy - fresh blood!
You are feeling very thirsty.
Yummy - fresh blood!
You start resting.
Dithmenos weaves monsters from the shadows.
The killer bee barely misses you. The basilisk misses you.
The killer bee closely misses you. The killer bee misses you.
The killer bee stings you! The basilisk bites you!
* * * LOW HITPOINT WARNING * * *
The killer bee stings you!
You die...
Your body disappears without a glow.

#...........#####..#
(.###.......##.....#
.#####.....###.##..#
.###......## #....##
.....###### #..###
...### #.## ...##
########.#
##..###........#######
#####..##...##.@y...#
######.###.#....yyl..#
>............##......#
###.######.####....<.#
#...# #...# #.######
#.### ##.### #.# #.#
###..######.#######
..###.................#
..#............##..####


You could see a basilisk and 3 killer bees.

Vanquished Creatures
  Eustachio (D:5)
  An ice beast (D:6)
  A sky beast (D:6)
  2 ogres (D:6)
  2 orc warriors (D:5)
  A centaur (D:5)
  2 gnoll sergeants (D:5)
  A scorpion (D:6)
  A wight (D:5)
  2 crimson imps
  A hound (D:5)
  A jelly (D:5)
  3 orc wizards
  3 orc priests
  A gnoll shaman (D:6)
  An iguana (D:6)
  A worker ant (D:6)
  A hound zombie (D:5)
  A hound skeleton (D:6)
  A worker ant zombie (D:6)
  5 adders
  7 gnolls (D:6)
  A shadow imp (D:5)
  2 adder zombies
  An adder skeleton (D:4)
  3 worms
  4 dart slugs
  7 leopard geckos
  14 orcs
  4 giant cockroaches
  13 goblins
  4 hobgoblins
  8 jackals (D:1)
  2 quokkas
  8 bats
  4 frilled lizards
  6 kobolds
  2 leopard gecko skeletons
  A quokka skeleton (D:5)
  9 rats
133 creatures vanquished.

Vanquished Creatures (others)
  3 shadows (D:6)
  2 orc wizards (D:6)
  An adder (D:6)
  An orc (D:6)
7 creatures vanquished.

Grand Total: 140 creatures vanquished

Notes
Turn   | Place    | Note
-------+----------+-------------------------------------------
     0 | D:1      | dohliylev the Vampire Enchanter began the quest for the Orb.
     0 | D:1      | Reached XP level 1. HP: 13/13 MP: 3/3
    54 | D:1      | Reached skill level 5 in Stealth
   243 | D:1      | Reached XP level 2. HP: 16/19 MP: 3/5
   270 | D:1      | Learned a level 2 spell: Ensorcelled Hibernation
   338 | D:1      | Reached skill level 6 in Stealth
   449 | D:1      | Reached XP level 3. HP: 23/24 MP: 0/6
   846 | D:2      | Found an iron altar of Okawaru.
  1163 | D:2      | Found a hazy altar of Hepliaklqana.
  1165 | D:2      | Found a stormy altar of Qazlal.
  1252 | D:2      | Reached XP level 4. HP: 30/30 MP: 7/7
  1700 | D:3      | Reached skill level 7 in Stealth
  2081 | D:3      | Noticed a moth of wrath
  2084 | D:3      | Found a bloodstained altar of Trog.
  2121 | D:3      | Learned a level 3 spell: Confuse
  2642 | D:4      | Reached XP level 5. HP: 35/35 MP: 6/8
  2648 | D:4      | Reached skill level 8 in Stealth
  2781 | D:4      | Found a staircase to the Ecumenical Temple.
  2788 | Temple   | Entered the Ecumenical Temple
  2853 | Temple   | Became a worshipper of Dithmenos the Shadowed
  2980 | D:4      | Noticed Menkaure
  3510 | D:5      | Entered Level 5 of the Dungeon
  3535 | D:5      | Found Wugis's Magic Scroll Emporium.
  3541 | D:5      | Bought a scroll of identify for 24 gold pieces
  3541 | D:5      | Bought a scroll of identify for 24 gold pieces
  3541 | D:5      | Bought a scroll of identify for 24 gold pieces
  3541 | D:5      | Bought a scroll of identify for 24 gold pieces
  3570 | D:5      | Noticed a centaur
  3722 | D:5      | Killed a centaur
  3722 | D:5      | Reached skill level 1 in Ice Magic
  3722 | D:5      | Reached XP level 6. HP: 41/41 MP: 6/10
  3873 | D:5      | Found an ancient bone altar of Kikubaaqudgha.
  3880 | D:5      | Noticed an orc warrior
  3881 | D:5      | Noticed an orc warrior
  3881 | D:5      | Noticed Eustachio
  3913 | D:5      | Reached skill level 5 in Hexes
  4179 | D:5      | Killed an orc warrior
  4179 | D:5      | Reached skill level 1 in Fighting
  4179 | D:5      | Reached XP level 7. HP: 48/48 MP: 4/11
  4202 | D:5      | Reached skill level 5 in Short Blades
  4315 | D:5      | Killed Eustachio
  4419 | D:5      | Reached * piety under Dithmenos
  4741 | D:5      | Reached XP level 8. HP: 56/56 MP: 9/12
  4749 | D:5      | Bought a scroll of remove curse for 36 gold pieces
  4749 | D:5      | Bought a scroll of fog for 24 gold pieces
  4749 | D:5      | Bought a scroll of teleportation for 36 gold pieces
  4749 | D:5      | Bought a scroll of magic mapping for 42 gold pieces
  4912 | D:6      | Reached skill level 5 in Dodging
  5095 | D:6      | Found a sparkling altar of Nemelex Xobeh.
  5110 | D:6      | Fell from the grace of Dithmenos
  5110 | D:6      | Became a worshipper of Nemelex Xobeh the Trickster
  5318 | D:6      | Received a gift from Nemelex Xobeh
  5390 | D:6      | Found a snail-covered altar of Cheibriados.
  5391 | D:6      | Found a blossoming altar of Fedhas.
  5630 | D:6      | Slain by a killer bee

Skill      XL: |  1  2  3  4  5  6  7  8 |
---------------+-------------------------+-----
Stealth        | 5 6 7 8 |  8.0
Short Blades   | 2 3 4 6 7 |  7.0
Ice Magic      | 1 |  1.4
Spellcasting   | 3 |  3.0
Hexes          | 5 |  5.0
Fighting       | 1 2 |  2.1
Dodging        | 4 7 |  7.4

Action                   |  1- 3 |  4- 6 |  7- 9 || total
-------------------------+-------+-------+-------++-------
Melee: Dagger            |   135 |   122 |   146 ||   403
       Bite              |     7 |    11 |     6 ||    24
 Cast: Corona            |     7 |       |       ||     7
       Ensorcelled Hiber |    14 |    34 |    30 ||    78
       Confuse           |       |     6 |     4 ||    10
 Abil: End Transformatio |       |     1 |       ||     1
       Bat Form          |       |     1 |       ||     1
  Use: Potion            |     1 |     4 |     4 ||     9
       Scroll            |       |       |     9 ||     9
 Stab: Sleeping          |    14 |    32 |    28 ||    74
       Confused          |       |     3 |     3 ||     6
  Eat: Corpse            |     8 |     3 |     1 ||    12
Armor: Robe              |    31 |    20 |     6 ||    57
Dodge: Dodged            |    98 |    62 |    58 ||   218
